 Dungeon Sprint DCSS version 0.30-a0-371-gad7725a93e (webtiles) character file.

Game seed: 4000280841412215425

1313 mhtbhm the Basher (level 8, -3/58 HPs)
             Began as a Gargoyle Fighter on Nov 22, 2022.
             Was an Initiate of Gozag.
             Slain by a two-headed ogre
             ... wielding a +0 giant club
              (22 damage)
             ... in the Dungeon (Sprint III: "The Ten Rune Challenge").
             The game lasted 00:02:14 (1046 turns).

mhtbhm the Basher (Gargoyle Fighter)                Turns: 1046, Time: 00:02:15

Health: -3/58      AC: 14    Str: 22    XL:     8   Next: 58%
Magic:  8/8        EV: 11    Int:  9    God:    Gozag
Gold:   600        SH:  5    Dex:  9    Spells: 7/7 levels left

rFire   . . .      SeeInvis .    a - +0 flail
rCold   . . .      Faith    .    c - +0 buckler
rNeg    + . .      Spirit   .    b - +0 scale mail
rPois   ∞          Reflect  .    (no helmet)
rElec   +          Harm     .    (no cloak)
rCorr   .          Rampage  .    (no gloves)
Will    .....      NoTele   +    (no boots)
Stlth   ..........               (no amulet)
HPRegen 0.29/turn                (no ring)
MPRegen 0.11/turn                (no ring)

@: gold aura
A: sickness immunity, AC +5, negative energy resistance 1, electricity
resistance, torment resistance 1, petrification resistance
a: Renounce Religion, Potion Petition, Call Merchant, Bribe Branch


You were in the Dungeon.
You worshipped Gozag.
Gozag was pleased with you.
You visited 1 branch You collected 600 gold pieces.

Inventory:

Hand Weapons
 a - a +0 flail (weapon)
Armour
 b - a +0 scale mail (worn)
 c - a +0 buckler (worn)
Wands
 e - a wand of flame (17)
Scrolls
 f - a scroll of torment {unknown}
 j - a scroll of blinking
 k - a scroll of enchant weapon {unknown}
 l - 3 scrolls of identify
 n - a scroll of immolation {unknown}
Potions
 g - 2 potions of haste
 h - 2 potions of magic
 i - a potion of curing
 m - a potion of flight {unknown}
 o - 4 potions of mutation
 p - a potion of might
Miscellaneous
 d - a tin of tremorstones (inert)


   Skills:
 + Level 10.4 Fighting
 + Level 10.8 Maces & Flails
 + Level 10.1 Armour
 + Level 4.6 Dodging
 + Level 0.9 Stealth
 + Level 7.8 Shields
 + Level 1.0 Evocations


You had 7 spell levels left.
You didn't know any spells.
Your spell library contained the following spells:

 Spells                   Type           Power      Damage    Failure   Level
 Cause Fear               Hex            0%         N/A       100%        4
 Petrify                  Tmut/Erth      0%         N/A       100%        4
 Metabolic Englaciation   Hex/Ice        0%         N/A       100%        5
 Dragon Form              Tmut           0%         N/A       100%        7
 Dragon's Call            Summ           0%         N/A       100%        9
 Statue Form              Tmut/Erth      Unusable   N/A       N/A         6

Dungeon Overview and Level Annotations

Branches:
Dungeon (1/1)

Altars:
Cheibriados
Dithmenos
Elyvilon
Fedhas
Gozag
Hepliaklqana
Kikubaaqudgha
Makhleb
Nemelex Xobeh
Okawaru
Qazlal
Ru
Sif Muna
Trog
Uskayaw
Vehumet
Wu Jian
Xom
Yredelemnul
Zin
The Shining One
Jiyva
Lugonu


Innate Abilities, Weirdness & Mutations

You are immune to sickness and miasma.
Your stone body is resilient. (AC +5)
You are immune to poison.
You resist negative energy. (rN+)
You are resistant to electric shocks. (rElec)
You are resistant to unholy torment.
You are immune to petrification.


Message History

There is an open door here. 2 two-headed ogres come into view.
The two-headed ogre shouts in stereo! x2; You hear two shouts!
There is an open door here.
There is an open door here.
Aiming: Throw Flame
Press: ? - help, Shift-Dir - straight line, f - two-headed ogre
Aim: a two-headed ogre, wielding two +0 giant clubs (85% to hit)
The puff of flame hits the two-headed ogre.
The two-headed ogre is lightly wounded.
Unknown command.
Aiming: Throw Flame
Press: ? - help, Shift-Dir - straight line, f/p - two-headed ogre
Aim: a two-headed ogre, wielding two +0 giant clubs (lightly wounded, 85% to hit)
The puff of flame hits the two-headed ogre.
The two-headed ogre is moderately wounded.
Unknown command.
The tremorstone explodes into fragments!
The burst of rock shards engulfs the two-headed ogre!!
The two-headed ogre hits you with a +0 giant club!
The two-headed ogre barely misses you.
Unknown command.
Unknown command.
Unknown command.
The tremorstone explodes into fragments!
The burst of rock shards engulfs the two-headed ogre!!
You kill the two-headed ogre!
The burst of rock shards engulfs the two-headed ogre!!
The tin is emptied!
The two-headed ogre hits you with a +0 giant club.
The two-headed ogre hits you with a +0 giant club!!
Your Evocations skill increases to level 1!
Unknown command.
You barely miss the two-headed ogre.
The two-headed ogre is severely wounded.
You hit the two-headed ogre but do no damage.
The two-headed ogre is severely wounded.
The two-headed ogre hits you with a +0 giant club!!
You die...
Your body crumbles into a pile of gold. ▓ ▓▓▓ ♣ ♣.############$ $$ ♣♣ ♣.#___#___#__# $$$$

$ $ .♣ ♣.#..)#__)#._#$
.♣♣♣♣.###'#'###)##$
.♣..♣.#..........#$ $
~..♣♣.'.⌠........#$ $
$ ~~~.♣.#...######@# $
$ ~~....#.⌠.#__#..O# #
~.....#...#__#..$# #O#
......#'###__#...## O.
......#.).#__#...'##.#
......#___#__'...#...#
▓▓▓▓▓▓▓▓▓▓▓▓▓▓▓▓▓▓▓▓▓▓


You could see a two-headed ogre.

Vanquished Creatures
  A deep elf pyromancer (D)
  A shadow (D)
  A spatial vortex (D)
  A two-headed ogre (D)
  A necrophage (D)
  A water elemental (D)
  A jelly (D)
  A necromancer (D)
  A wizard (D)
  A kobold demonologist (D)
  3 humans (D)
  A wolf (D)
  An endoplasm (D)
  3 rats (D)
18 creatures vanquished.

Notes
Turn   | Place    | Note
-------+----------+-------------------------------------------
     0 | D        | mhtbhm the Gargoyle Fighter began the quest for the Orb.
     0 | D        | Reached XP level 1. HP: 14/14 MP: 1/1
    60 | D        | Reached XP level 2. HP: 12/20 MP: 2/2
   186 | D        | Reached skill level 5 in Fighting
   186 | D        | Reached XP level 3. HP: 3/26 MP: 3/3
   299 | D        | Noticed a water elemental
   309 | D        | Killed a water elemental
   310 | D        | Reached skill level 5 in Armour
   310 | D        | Reached skill level 1 in Dodging
   310 | D        | Reached skill level 5 in Shields
   310 | D        | Reached XP level 4. HP: 32/32 MP: 4/4
   368 | D        | Noticed a shadow
   371 | D        | Reached skill level 5 in Maces & Flails
   371 | D        | Reached XP level 5. HP: 28/37 MP: 5/5
   378 | D        | Killed a shadow
   379 | D        | Reached XP level 6. HP: 17/44 MP: 6/6
   383 | D        | Found a blossoming altar of Fedhas.
   383 | D        | Found a stormy altar of Qazlal.
   383 | D        | Found a snail-covered altar of Cheibriados.
   383 | D        | Found a burning altar of Makhleb.
   383 | D        | Found a shimmering altar of Xom.
   383 | D        | Noticed a spatial vortex
   384 | D        | Found a hazy altar of Hepliaklqana.
   384 | D        | Found an opulent altar of Gozag.
   384 | D        | Found a sparkling altar of Nemelex Xobeh.
   384 | D        | Found a corrupted altar of Lugonu.
   384 | D        | Found a viscous altar of Jiyva.
   388 | D        | Became a worshipper of Gozag Ym Sagoz the Greedy
   399 | D        | Killed a spatial vortex
   490 | D        | Found a shadowy altar of Dithmenos.
   499 | D        | Reached XP level 7. HP: 50/50 MP: 7/7
   501 | D        | Found a basalt altar of Yredelemnul.
   501 | D        | Found a sacrificial altar of Ru.
   543 | D        | Found a radiant altar of Vehumet.
   546 | D        | Found a shimmering blue altar of Sif Muna.
   546 | D        | Found an ancient bone altar of Kikubaaqudgha.
   547 | D        | Noticed an orange demon
   555 | D        | Noticed a red devil
   713 | D        | Found a glowing silver altar of Zin.
   714 | D        | Found a glowing golden altar of the Shining One.
   714 | D        | Found a white marble altar of Elyvilon.
   714 | D        | Noticed a deep elf pyromancer
   721 | D        | Noticed a fire elemental
   729 | D        | Killed a deep elf pyromancer
   730 | D        | Reached skill level 10 in Fighting
   730 | D        | Reached skill level 10 in Maces & Flails
   730 | D        | Reached XP level 8. HP: 16/57 MP: 8/8
   884 | D        | Found a hide-covered altar of Uskayaw.
   884 | D        | Found an iron altar of Okawaru.
   884 | D        | Found a bloodstained altar of Trog.
   884 | D        | Found an ornate altar of the Wu Jian Council.
   895 | D        | Reached skill level 10 in Armour
  1045 | D        | Reached skill level 1 in Evocations
  1046 | D        | Slain by a two-headed ogre

Illustrated notes

Levels and vault maps discovered:
D:        dungeon_sprint_mu [sprint_mu_entry_forest, sprint_mu_temple_rooms,
          sprint_mu_d1_spiders, sprint_mu_d2_genie, sprint_mu_d3_branching,
          sprint_mu_orc_legion, sprint_mu_elf_gauntlet, sprint_mu_hive_nellie,
          sprint_mu_lair_fedhas, sprint_mu_vaults_butterflies,
          sprint_mu_slime_circle, sprint_mu_swamp_cave, sprint_mu_shoals_kraken,
          sprint_mu_blade_basic, sprint_mu_crypt_fortress,
          sprint_mu_tomb_spiral, sprint_mu_vestibule_basic,
          sprint_mu_gehenna_hellfire, sprint_mu_dis_giant,
          sprint_mu_tartarus_statrot, sprint_mu_cocytus_islands, sprint_mu_zot1]

Skill      XL: |  1  2  3  4  5  6  7  8 |
---------------+-------------------------+-----
Fighting       | 4 5 6 7 8 10 | 10.4
Maces & Flails | 3 4 5 6 8 10 | 10.8
Armour         | 4 5 6 7 8 9 10 | 10.1
Shields        | 4 5 6 7 |  7.8
Dodging        | 1 2 3 4 |  4.6
Evocations     | 1 |  1.0
Stealth        | |  0.9

Action                   |  1- 3 |  4- 6 |  7- 9 || total
-------------------------+-------+-------+-------++-------
Melee: Flail             |    41 |    26 |    35 ||   102
Evoke: Tin of tremorston |       |       |     4 ||     4
       Wand              |       |       |     2 ||     2
  Use: Potion            |     2 |     3 |       ||     5
Armor: Scale mail        |    17 |     5 |    16 ||    38
Dodge: Dodged            |    20 |     6 |    19 ||    45
Block: Buckler           |     9 |     4 |     5 ||    18

Table legend: (Time is in decaauts)
 A = Elapsed time spent in this place.
 B = Non-inter-level travel time spent in this place.
 C = Inter-level travel time spent in this place.
 D = Time resting spent in this place.
 E = Time spent auto-exploring this place.
 F = Levels seen in this place.
 G = Mean time per level.
                   A        B        C        D        E       F      G
               +--------+--------+--------+--------+--------+-----+--------+
         Total |   1073 |   1073 |      0 |    719 |     26 |   1 | 1073.0 |
       Dungeon |   1073 |   1073 |      0 |    719 |     26 |   1 | 1073.0 |
               +--------+--------+--------+--------+--------+-----+--------+

Top non-repeatable levels by time:
       D: 1073 daAuts
